 Dungeon Crawl Stone Soup version 0.22-a0-480-g991dd4b (webtiles) character file.

7436 Laiders72 the Basher (level 10, -3/99 HPs)
             Began as a Deep Dwarf Fighter on June 16, 2018.
             Was a Believer of Makhleb.
             Slain by an orc warrior
             ... wielding a +0 halberd
              (18 damage)
             ... in a bailey.
             The game lasted 00:24:32 (6812 turns).

Laiders72 the Basher (Deep Dwarf Fighter)           Turns: 6812, Time: 00:24:32

Health: -3/99      AC: 19    Str: 22    XL:     10   Next: 93%
Magic:  1/1        EV:  5    Int:  9    God:    Makhleb [**....]
Gold:   443        SH: 11    Dex: 13    Spells: 9/9 levels left

rFire    . . .     SeeInvis .   q - +1 morningstar
rCold    . . .     Gourm    .   c - +0 shield
rNeg     . . .     Faith    .   a - +0 plate armour
rPois    +         Spirit   .   i - +0 helmet
rElec    .         Reflect  .   n - +1 cloak
rCorr    .         Harm     .   l - +0 pair of gloves
MR       +....                  v - +0 pair of boots
Stlth    ..........             (no amulet)
HPRegen  0.00/turn              t - ring of poison resistance
MPRegen  0.07/turn              (no ring)

@: non-regenerating, drained
A: damage resistance, heal wounds, sense surroundings 2, no regeneration
a: Heal Wounds, Minor Destruction, Renounce Religion


You were in a bailey.
You worshipped Makhleb.
Makhleb was pleased with you.
You were hungry.

You visited 2 branches of the dungeon, and saw 9 of its levels.
You also visited: Bailey.

You collected 443 gold pieces.

Inventory:

Hand Weapons
 q - a +1 morningstar (weapon)
Missiles
 m - 15 tomahawks (quivered)
Armour
 a - a +0 plate armour (worn)
 c - a +0 shield (worn)
 i - a +0 helmet (worn)
 l - a +0 pair of gloves (worn)
 n - a +1 cloak (worn)
 v - a +0 pair of boots (worn)
Jewellery
 r - a cursed amulet of inaccuracy {unknown}
 t - a ring of poison resistance (left hand)
Wands
 k - a wand of digging (10)
 s - a wand of polymorph (20)
Scrolls
 b - 4 scrolls of fog
 g - 9 scrolls of teleportation
 h - 2 scrolls of noise
 o - 2 scrolls of magic mapping
 p - 5 scrolls of remove curse
 w - a scroll of torment {unknown}
 C - a scroll of acquirement {unknown}
Potions
 d - a potion of agility {unknown}
 e - 9 potions of curing
 j - 2 potions of lignification
 z - a potion of magic {unknown}
 A - a potion of might
 B - a potion of invisibility {unknown}
 D - a potion of haste {unknown}
Comestibles
 f - 20 rations
 u - 2 chunks of flesh


   Skills:
 * Level 9.4(8.8) Fighting
 * Level 10.0(9.4) Maces & Flails
 + Level 8.2(7.7) Armour
 + Level 8.2(7.6) Shields


You had 9 spell levels left.
You didn't know any spells.
Your spell library contained the following spells:

 Spells                   Type           Power        Failure   Level  Hunger
 Confuse                  Hex            #.......     100%        3    ####...
 Confusing Touch          Hex            #.....       100%        1    ##.....
 Metabolic Englaciation   Hex/Ice        #.........   100%        5    ######.
 Petrify                  Tmut/Erth      #.......     100%        4    #####..
 Gell's Gravitas          Tloc           #.........   100%        3    ####...
 Yara's Violent Unravell  Hex/Tmut       #.........   100%        5    ######.


Dungeon Overview and Level Annotations

Branches:
Dungeon (8/15)             Temple (1/1) D:5
   Lair: D:8-11

Altars:
Ashenzari
Cheibriados
Dithmenos
Elyvilon
Fedhas
Gozag
Hepliaklqana
Kikubaaqudgha
Makhleb
Nemelex Xobeh
Okawaru
Qazlal
Ru
Sif Muna
Uskayaw
Wu Jian
Xom
The Shining One


Innate Abilities, Weirdness & Mutations

You are resistant to damage.
You can heal yourself by infusing magical energy.
You passively map the area around you.
You do not regenerate.


Message History

The orc dissolves into shadows!
Things that are here:
a spear; a chain mail; an orc skeleton
Things that are here:
a trident; an orc skeleton Your shield and plate armour prevent you from hitting the orc warrior.
The orc warrior completely misses you.
You hit the orc warrior.
The orc warrior is moderately wounded.
You block the orc warrior's attack.
You closely miss the orc warrior.
The orc warrior is moderately wounded.
You block the orc warrior's attack.
You hit the orc warrior.
The orc warrior is heavily wounded.
You block the orc warrior's attack.
You closely miss the orc warrior.
The orc warrior is heavily wounded.
The orc warrior hits you with a halberd!!
You die...

#)))#
#)))#
#)).#
###)###
##.....##
#.......#
#.......#
#..)o)..#
#..)@)).#
#..))...#
#.......#
#.......#
#.......#
#∩.....∩#
#.......#
##..∩..##
#######


You could see an orc warrior.

Vanquished Creatures
  3 two-headed ogres
  The ghost of ThereIsNoGod the Grappler, a novice DrTm of Cheibriados (D:8)
  An orc knight (Bailey)
  The ghost of Thaneod the Skirmisher, a novice GrSu (D:6)
  The ghost of Defined the Slasher, an amateur MiAK of Lugonu (D:4)
  Prince Ribbit (D:5)
  2 hippogriffs
  Sigmund (D:2)
  6 orc warriors
  A sky beast (D:7)
  5 centaurs
  2 phantoms
  2 bullfrogs
  A scorpion (D:7)
  3 killer bees (D:7)
  A howler monkey (D:7)
  3 crimson imps
  A quasit (D:6)
  2 centaur zombies (D:8)
  3 jellies
  8 orc wizards
  3 bullfrog skeletons
  6 orc priests
  3 hounds
  2 bullfrog zombies
  An iguana (D:6)
  3 worker ants
  A killer bee zombie (D:5)
  8 gnolls
  7 adders
  3 shadow imps (D:6)
  An ooze (D:1)
  4 worms
  2 dart slugs
  3 leopard geckos
  61 orcs
  3 giant cockroaches
  9 goblins
  8 hobgoblins
  4 jackals
  2 quokkas
  3 bats (D:2)
  4 frilled lizards
  5 kobolds
  A leopard gecko zombie (D:5)
  2 quokka skeletons
  10 rats
208 creatures vanquished.

Notes
Turn   | Place    | Note
-------+----------+-------------------------------------------
     0 | D:1      | Laiders72 the Deep Dwarf Fighter began the quest for the Orb.
     0 | D:1      | Reached XP level 1. HP: 20/20 MP: 1/1
   155 | D:1      | Reached XP level 2. HP: 20/27 MP: 2/2
   747 | D:2      | Reached XP level 3. HP: 17/34 MP: 3/3
  1088 | D:2      | Noticed Sigmund
  1114 | D:2      | HP: 1/34 [something/puff of flame (12)]
  1130 | D:2      | Killed Sigmund
  1130 | D:2      | Reached skill level 3 in Maces & Flails
  1130 | D:2      | Reached XP level 4. HP: 38/44 MP: 4/4
  1130 | D:2      | Reached XP level 5. HP: 44/50 MP: 5/5
  1447 | D:3      | Reached skill level 4 in Maces & Flails
  1469 | D:3      | Reached XP level 6. HP: 41/57 MP: 6/6
  2222 | D:4      | Noticed Defined's ghost (amateur MiAK)
  2421 | D:4      | Reached XP level 7. HP: 58/66 MP: 7/7
  2747 | D:4      | Reached skill level 5 in Maces & Flails
  2933 | D:4      | Killed Defined's ghost
  2933 | D:4      | Reached skill level 5 in Fighting
  2933 | D:4      | Reached skill level 5 in Armour
  2933 | D:4      | Reached skill level 5 in Shields
  3101 | D:5      | Entered Level 5 of the Dungeon
  3101 | D:5      | Noticed Prince Ribbit
  3254 | D:5      | Reached XP level 8. HP: 25/75 MP: 8/8
  3583 | D:5      | Found a blossoming altar of Fedhas.
  3583 | D:5      | Found a glowing golden altar of the Shining One.
  3584 | D:5      | Found a stormy altar of Qazlal.
  3628 | D:5      | Reached skill level 6 in Maces & Flails
  3818 | D:5      | Found a hazy altar of Hepliaklqana.
  3899 | D:5      | Killed Prince Ribbit
  3975 | D:5      | Found a staircase to the Ecumenical Temple.
  3984 | Temple   | Entered the Ecumenical Temple
  4146 | Temple   | Became a worshipper of Makhleb the Destroyer
  4299 | D:5      | Found a shimmering altar of Xom.
  4428 | D:6      | Noticed Thaneod's ghost (novice GrSu)
  4534 | D:6      | Killed Thaneod's ghost
  4534 | D:6      | Reached skill level 7 in Maces & Flails
  4586 | D:6      | Found an iron altar of Okawaru.
  4601 | D:6      | Gained mutation: You passively map the area around you. [Deep Dwarf growth]
  4601 | D:6      | Reached XP level 9. HP: 26/85 MP: 5/5
  4637 | D:6      | Noticed a two-headed ogre
  5069 | D:6      | Killed a two-headed ogre
  5455 | D:6      | Reached skill level 8 in Maces & Flails
  5711 | D:7      | Reached * piety under Makhleb
  6035 | D:7      | Reached XP level 10. HP: 69/96 MP: 4/4
  6232 | D:8      | Noticed a two-headed ogre
  6250 | D:8      | Killed a two-headed ogre
  6250 | D:8      | Reached skill level 9 in Maces & Flails
  6262 | D:8      | Noticed ThereIsNoGod's ghost (novice DrTm)
  6290 | D:8      | Killed ThereIsNoGod's ghost
  6351 | D:8      | Found a shadowy altar of Dithmenos.
  6371 | D:8      | Found a flagged portal.
  6371 | D:8      | Noticed a two-headed ogre
  6412 | D:8      | Killed a two-headed ogre
  6487 | Bailey   | Entered a bailey
  6526 | Bailey   | Reached ** piety under Makhleb
  6678 | Bailey   | Noticed an orc knight
  6751 | Bailey   | HP: 1/99 [orc knight/halberd (13)]
  6753 | Bailey   | Killed an orc knight
  6753 | Bailey   | Reached skill level 10 in Maces & Flails
  6771 | Bailey   | Noticed an orc knight
  6812 | Bailey   | Slain by an orc warrior

Vault maps used:
D:1:      lemuel_arrival_broad_hall
D:2:      first_ration, mrwooster_statue_mirror, st_stairs_6, uniq_sigmund
D:3:      kennysheep_generic_room_15
D:4:      serial_park, serial_park_tiny_pond, kennysheep_generic_room_9
D:5:      overflow_temple_1_default, lemuel_coloured_pillars_altar,
          gammafunk_temple_overflow_claw, lemuel_temple_firewalk_b,
          uniq_prince_ribbit1
D:6:      nicolae_overflow_crystal_walls
D:8:      grunt_dithmenos_smoke_and_mirrors, enter_bailey_2,
          hangedman_little_slice_of_home
Temple:   regret_index_temple_generic_petals
Bailey:   bailey_polearm_5, bailey

Skill      XL: |  1  2  3  4  5  6  7  8  9 10 |
---------------+-------------------------------+-----
Fighting       | 3 4 5 6 8 9 |  9.4
Maces & Flails | 3 4 5 7 8 10 | 10.0
Armour         | 4 5 6 7 8 |  8.2
Shields        | 4 5 6 7 8 |  8.2

Action                   |  1- 3 |  4- 6 |  7- 9 | 10-12 || total
-------------------------+-------+-------+-------+-------++-------
Melee: Flail             |   117 |   211 |   497 |       ||   825
       Morningstar       |       |       |    77 |   216 ||   293
 Abil: Heal Wounds       |     3 |     2 |    23 |    13 ||    41
  Use: Potion            |     1 |       |       |     4 ||     5
       Scroll            |       |     7 |     4 |     1 ||    12
  Eat: Chunk             |     1 |     4 |    13 |     3 ||    21
Armor: Scale mail        |    81 |    75 |   301 |       ||   457
       Plate armour      |       |       |    68 |   247 ||   315
Dodge: Dodged            |    40 |    41 |   177 |   130 ||   388
Block: Shield            |    98 |    88 |   364 |   303 ||   853

Table legend:
 A = Spawn XP
 B = Non-spawn XP
 C = Spawn XP percentage of total XP
 D = Spawn monster count
 E = Non-spawn monster count
 F = Spawn count percentage of total count
 G = Total turns spent on level
                    A         B        C        D         E        F      G
               +---------+---------+-------+---------+---------+-------+---------
         Total |       0 |   10624 |   0.0 |       0 |     208 |   0.0 |  6812
               +---------+---------+-------+---------+---------+-------+---------
           D:1 |       0 |      39 |   0.0 |       0 |      19 |   0.0 |   711
           D:2 |       0 |     271 |   0.0 |       0 |      18 |   0.0 |   641
           D:3 |       0 |     164 |   0.0 |       0 |      31 |   0.0 |   849
           D:4 |       0 |     822 |   0.0 |       0 |      24 |   0.0 |   943
           D:5 |       0 |     892 |   0.0 |       0 |      26 |   0.0 |  1078
           D:6 |       0 |    2125 |   0.0 |       0 |      22 |   0.0 |  1286
           D:7 |       0 |    1470 |   0.0 |       0 |      21 |   0.0 |   497
           D:8 |       0 |    3453 |   0.0 |       0 |      13 |   0.0 |   293
        Bailey |       0 |    1388 |   0.0 |       0 |      34 |   0.0 |   325
               +---------+---------+-------+---------+---------+-------+---------
